cohdb
Replays
Latest Replays
All Replays
Popular Replays
Top Player Replays
Match Explorer
How It Works
Community
CoH3 Stats
Reddit
Sign in to upload your games and track your stats! →
Sign in with Steam
Match 46573024
Unlisted
Match 46573024
Overview
Messages
Build Orders
End
Scout Squad
Construct Weapon Support Center
M1919 Machine Gun Team
M1919 Machine Gun Team
M1919 Machine Gun Team
Engineer Squad
Infantry Support Center
Selects Advanced Infantry Battlegroup
Selects Artillery Observers
M3 Armored Personnel Carrier
Engineer Squad
Construct Medical Station
AI Takeover
Ra11
aSIIDemolitionHammer
爬爬
Cool Whhip
0
0
Comments
sign in to comment!
No comments posted yet!